AoeStats
← Apeiron

Coastal Forest

510576989Analyzed
2v2 RM · 13h ago on Oct 1, 2026· 51m 40s· 4 players
Game mode
Random Map
Map size
Medium (4 player)
Population
200
Speed
Normal
Resources
Standard
Victory
Conquest
Starting age
Dark Age
Ending age
Imperial Age
RankedLock teamsTeams togetherTeam positionsShared explorationLock speedFull tech treeHidden civsTurbo modeCheats
Victory
Defeat
🇹🇷 Britons · Türkiye
934
+17
933
+17
🇭🇰 Persians · Hong Kong SAR China
959
-17
🇺🇸 Turks · United States
948
-17
Apeiron
7:25 Loom
9:48 Feudal Age
10:58 Double-Bit Axe
14:38 Horse Collar
21:42 Castle Age
20:16 Gold Mining
23:29 Crossbowman
24:26 Fletching
25:37 Heavy Plow
25:54 Bow Saw
29:10 Imperial Age
27:13 Bodkin Arrow
27:54 Padded Archer Armor
29:22 Arbalester
31:07 Elite Skirmisher
31:51 Bracer
33:11 Leather Archer Armor
34:36 Gold Shaft Mining
35:23 Chemistry
36:40 Ring Archer Armor
word.exe ömer EasySkins com
7:07 Loom
12:23 Feudal Age
14:08 Horse Collar
14:15 Double-Bit Axe
18:15 Castle Age
18:57 Husbandry
19:38 Forging
19:36 Scale Barding Armor
25:27 Iron Casting
25:12 Chain Barding Armor
27:46 Heavy Plow
34:19 Wheelbarrow
39:52 Imperial Age
43:48 Cavalier
46:06 Paladin
49:27 Elite Leitis
EHay14
12:53 Feudal Age
14:30 Double-Bit Axe
14:40 Fishing Lines
21:00 Castle Age
22:24 Gillnets
40:31 Imperial Age
40:11 Wheelbarrow
39:52 Treadmill Crane
triplefives
7:52 Loom
12:10 Feudal Age
12:52 Double-Bit Axe
14:56 Forging
17:52 Fishing Lines
18:08 Stone Mining
20:37 Castle Age
19:25 Gold Mining
19:40 Fletching
21:05 Bodkin Arrow
22:04 Iron Casting
21:34 Scale Barding Armor
30:13 Scale Mail Armor
30:25 Squires
31:48 Pikeman
Connection lost

Rejoining the realm…

Still unreachable

The connection could not be restored.

Session expired

The server has moved on; the page needs a fresh start.